 Dungeon Crawl Stone Soup version 0.20-a0-830-g2c9a30d (webtiles) character file.

95 Aksej the Slasher (level 4, -1/34 HPs)
             Began as a Demonspawn Gladiator on Mar 7, 2017.
             Slain by an orc wizard
             ... wielding a +0 dagger
              (2 damage)
             ... on level 3 of the Dungeon.
             The game lasted 00:03:40 (1663 turns).

Aksej the Slasher (Demonspawn Gladiator)            Turns: 1663, Time: 00:03:41

Health: -1/34      AC:  6    Str: 14    XL:     4   Next: 40%
Magic:  4/4        EV: 13    Int:  9    God:
Gold:   143        SH:  0    Dex: 16    Spells: 3/3 levels left

rFire    . . .     SeeInvis .   a - +1 long sword
rCold    . . .     Gourm    .   b - +0 leather armour
rNeg     . . .     Faith    .   (no shield)
rPois    .         Spirit   .   c - +0 helmet
rElec    .         Reflect  .   (no cloak)
rCorr    .         Harm     .   (no gloves)
MR       .....                  (no boots)
Stlth    +.........             (no amulet)
Regen    0.2/turn               (no ring)
MPRegen  0.1/turn               (no ring)

@: very slightly contaminated, hasted, very quick
A: yellow scales 1
a: no special abilities


You were on level 3 of the Dungeon.
You were not hungry.

You visited 1 branch of the dungeon, and saw 3 of its levels.

You collected 143 gold pieces.

Inventory:

Hand Weapons
 a - a +1 long sword (weapon)
Missiles
 d - 3 throwing nets (quivered)
 e - 8 javelins
Armour
 b - a +0 leather armour (worn)
 c - a +0 helmet (worn)
Potions
 j - 2 potions of haste
 k - 2 potions of flight
 m - a potion of curing
 n - a potion of heal wounds
Comestibles
 f - 3 bread rations
 g - 8 chunks of flesh
 l - 2 meat rations


   Skills:
 + Level 2.4 Fighting
 * Level 4.0 Long Blades
 + Level 1.7 Throwing
 + Level 0.5 Armour
 + Level 3.2 Dodging
 + Level 0.2 Stealth


You had 3 spell levels left.
You didn't know any spells.

Dungeon Overview and Level Annotations

Branches:
Dungeon (3/15)

Altars:
Fedhas

Annotations:
D:3 Grinder


Innate Abilities, Weirdness & Mutations

You are partially covered in yellow scales. (AC +2)


Message History

Grinder gestures at you.
You barely resist. The orc wizard closely misses you.
You completely miss Grinder.
Grinder is lightly wounded.
Grinder hits you but does no damage.
The orc wizard points at you and mumbles some strange words.
The puff of frost misses you.
An orc comes into view.
You barely miss Grinder.
Grinder is lightly wounded.
The orc shouts!
Grinder hits you!
You writhe in agony.
* * * LOW HITPOINT WARNING * * *
The orc wizard gestures at you while chanting.
The magic dart hits you!
* * * LOW HITPOINT WARNING * * *
You closely miss Grinder.
Grinder is lightly wounded.
Grinder hits you but does no damage. The orc wizard hits you with a dagger.
You die...

#. #.# .o## ##...
#...# # ###...##
.# #.$.#.o#.####.
#.<÷@5......
#.(...))÷........
#.......♣........
#.(....♣_♣.......
#...... ♣ .......
####... .......
#... ....... #...
.......


You could see Grinder, an orc wizard and an orc.

Vanquished Creatures
  Robin (D:2)
  2 adders
  A dart slug (D:2)
  6 leopard geckos
  An orc (D:2)
  4 bats
  A giant cockroach (D:2)
  12 hobgoblins
  3 quokkas (D:2)
  4 frilled lizards
  9 goblins
  5 kobolds
  6 rats
55 creatures vanquished.

Notes
Turn   | Place    | Note
-------+----------+-------------------------------------------
     0 | D:1      | Aksej the Demonspawn Gladiator began the quest for the Orb.
     0 | D:1      | Reached XP level 1. HP: 16/16 MP: 1/1
   226 | D:1      | Reached skill level 3 in Long Blades
   226 | D:1      | Gained mutation: You are partially covered in yellow scales. (AC +2) [demonic ancestry]
   226 | D:1      | Reached XP level 2. HP: 18/22 MP: 2/2
   756 | D:1      | Reached XP level 3. HP: 27/27 MP: 3/3
  1126 | D:2      | Found a blossoming altar of Fedhas.
  1372 | D:3      | Found a faded altar of an unknown god.
  1372 | D:3      | Noticed Robin
  1373 | D:3      | Noticed Grinder
  1393 | D:2      | Reached XP level 4. HP: 33/33 MP: 4/4
  1467 | D:2      | Reached skill level 4 in Long Blades
  1596 | D:2      | Killed Robin
  1662 | D:3      | HP: 1/34 [orc wizard/magic dart (7)]
  1663 | D:3      | Slain by an orc wizard

Vault maps used:
D:1:      dpeg_arrival_erosion
D:2:      fedhas_altar_4
D:3:      chequers_ecumenical_altar_simple, first_bread, kennysheep_potato,
          uniq_robin, uniq_natasha, uniq_grinder

Skill      XL: |  1  2  3  4 |
---------------+-------------+-----
Long Blades    | 3 4 |  4.0
Dodging        | 3 |  3.2
Fighting       | |  2.4
Throwing       | |  1.7
Armour         | |  0.5
Stealth        | |  0.2

Action                   |  1- 3 |  4- 6 || total
-------------------------+-------+-------++-------
Melee: Long sword        |   133 |    27 ||   160
  Use: Scroll            |     7 |       ||     7
       Potion            |     3 |     1 ||     4
 Stab: Sleeping          |     1 |       ||     1
  Eat: Chunk             |     2 |     1 ||     3
Armor: Leather armour    |    47 |     6 ||    53
Dodge: Dodged            |   123 |    35 ||   158
       Rpst.: Long sword |    37 |    15 ||    52
